PCL
MEXICO CITY CERVECEROS @ ALBUQUERQUE ISOTOPES
07/16/2023
 
TOP OF THE 1ST
Mexico City Cerveceros batting - Pitching for Albuquerque Isotopes : RHP Teruo Sato
Pitching: RHP Teruo Sato
Batting: RHB Randy Sheppard 0-0: Ball
1-0: Called Strike
1-1: Ball
2-1: Swinging Strike
2-2: Strikes out swinging
Batting: RHB Sadayoshi Kato 0-0: Ball
1-0: Ball
2-0: Swinging Strike
2-1: Ball
3-1: Base on Balls
Batting: LHB Tony Abete 0-0: Fly out, F6 (Popup, 6D)
Batting: LHB Chad Weaver 0-0: Ground out 1-3 (Groundball, 13)
Top of the 1st over - 0 run(s), 0 hit(s), 0 error(s), 1 left on base; Mexico City 0 - Albuquerque 0
BOTTOM OF THE 1ST
Albuquerque Isotopes batting - Pitching for Mexico City Cerveceros : RHP Thomas Hughes
Pitching: RHP Thomas Hughes
Batting: RHB José Bautista 0-0: Fly out, F9 (Flyball, 9M)
Batting: LHB Manny Mejía 0-0: Ball
1-0: Fly out, F9 (Line Drive, 9M)
Batting: LHB Juan Carlos Sánchez 0-0: Ball
1-0: SINGLE (Line Drive, 6D)
Batting: RHB Edward Young 0-0: Foul Ball, location: 2F
0-1: Ball
1-1: Ball
2-1: Foul Ball, location: 2F
2-2: Ball
3-2: DOUBLE (Line Drive, 7LM)
Juan Carlos Sánchez to third
Juan Carlos Sánchez scores
Batting: LHB David Griffin 0-0: Fly out, F9 (Flyball, 89M)
Bottom of the 1st over - 1 run(s), 2 hit(s), 0 error(s), 1 left on base; Mexico City 0 - Albuquerque 1
TOP OF THE 2ND
Mexico City Cerveceros batting - Pitching for Albuquerque Isotopes : RHP Teruo Sato
Batting: RHB Dave Morgan 0-0: Called Strike
0-1: Foul Ball, location: 2F
0-2: Ball
1-2: Ball
2-2: Ground out 2-3 (Groundball, 2R)
Batting: RHB Reynold Akker 0-0: Ball
1-0: SINGLE (Flyball, 89S)
Batting: LHB Javier Escobedo 0-0: Foul Ball, location: 2F
0-1: Ball
1-1: Called Strike
1-2: Ball
2-2: Fly out, F7 (Popup, 7S)
Batting: RHB Naomi Kitamura 0-0: Ball
1-0: Called Strike
1-1: Ball
2-1: SINGLE (Line Drive, 4D)
Reynold Akker to second
Batting: RHB Roberto Zamora 0-0: Ball
1-0: Swinging Strike
1-1: Foul Ball, location: 2F
1-2: Strikes out swinging
Top of the 2nd over - 0 run(s), 2 hit(s), 0 error(s), 2 left on base; Mexico City 0 - Albuquerque 1
BOTTOM OF THE 2ND
Albuquerque Isotopes batting - Pitching for Mexico City Cerveceros : RHP Thomas Hughes
Batting: LHB Eric Wheeler 0-0: Called Strike
0-1: Ball
1-1: Ball
2-1: Fly out, F4 (Line Drive, 4)
Batting: LHB Pedro Vega 0-0: Foul Ball, location: 2F
0-1: Ground out 1-3 (Groundball, 15S)
Batting: LHB Mark Vestal 0-0: Called Strike
0-1: Ball
1-1: Ground out 1-3 (Groundball, 15)
Bottom of the 2nd over - 0 run(s), 0 hit(s), 0 error(s), 0 left on base; Mexico City 0 - Albuquerque 1
TOP OF THE 3RD
Mexico City Cerveceros batting - Pitching for Albuquerque Isotopes : RHP Teruo Sato
Batting: RHB Randy Sheppard 0-0: Called Strike
0-1: Ball
1-1: Ball
2-1: Bunted foul
2-2: Fly out, F9 (Flyball, 34D)
Batting: RHB Sadayoshi Kato 0-0: Ball
1-0: Called Strike
1-1: Ball
2-1: Ground out 3-1 (Groundball, 34S)
Batting: LHB Tony Abete 0-0: Called Strike
0-1: Ball
1-1: Swinging Strike
1-2: Foul Ball, location: 2F
1-2: Strikes out swinging
Top of the 3rd over - 0 run(s), 0 hit(s), 0 error(s), 0 left on base; Mexico City 0 - Albuquerque 1
BOTTOM OF THE 3RD
Albuquerque Isotopes batting - Pitching for Mexico City Cerveceros : RHP Thomas Hughes
Batting: RHB Luis Martínez 0-0: Swinging Strike
0-1: Ball
1-1: Foul Ball, location: 2F
1-2: Ball
2-2: Foul Ball, location: 2F
2-2: Ball
3-2: Strikes out swinging
Batting: RHB José Bautista 0-0: Called Strike
0-1: Foul Ball, location: 2F
0-2: Strikes out swinging
Batting: LHB Manny Mejía 0-0: Swinging Strike
0-1: Swinging Strike
0-2: Strikes out swinging
Bottom of the 3rd over - 0 run(s), 0 hit(s), 0 error(s), 0 left on base; Mexico City 0 - Albuquerque 1
TOP OF THE 4TH
Mexico City Cerveceros batting - Pitching for Albuquerque Isotopes : RHP Teruo Sato
Batting: LHB Chad Weaver 0-0: Ball
1-0: Ground out 4-3 (Groundball, 34)
Batting: RHB Dave Morgan 0-0: Swinging Strike
0-1: Ball
1-1: Ball
2-1: Foul Ball, location: 2F
2-2: Foul Ball, location: 2F
2-2: Strikes out swinging
Batting: RHB Reynold Akker 0-0: Called Strike
0-1: Foul Ball, location: 2F
0-2: Ball
1-2: Ground out 5-3 (Groundball, 5S)
Top of the 4th over - 0 run(s), 0 hit(s), 0 error(s), 0 left on base; Mexico City 0 - Albuquerque 1
BOTTOM OF THE 4TH
Albuquerque Isotopes batting - Pitching for Mexico City Cerveceros : RHP Thomas Hughes
Batting: LHB Juan Carlos Sánchez 0-0: Foul Ball, location: 2F
0-1: Swinging Strike
0-2: SINGLE (Line Drive, 4MD)
Batting: RHB Edward Young 0-0: Ball
1-0: Swinging Strike
1-1: Ball
2-1: Called Strike
2-2: Foul Ball, location: 2F
2-2: Strikes out swinging
Batting: LHB David Griffin 0-0: Foul Ball, location: 2F
0-1: Ball
1-1: Ball
2-1: Ball
3-1: Base on Balls
Juan Carlos Sánchez to second
Batting: LHB Eric Wheeler 0-0: Foul Ball, location: 2F
0-1: Grounds into double play, 6-4-3 (Groundball, 6M)
Bottom of the 4th over - 0 run(s), 1 hit(s), 0 error(s), 1 left on base; Mexico City 0 - Albuquerque 1
TOP OF THE 5TH
Mexico City Cerveceros batting - Pitching for Albuquerque Isotopes : RHP Teruo Sato
Batting: LHB Javier Escobedo 0-0: Called Strike
0-1: Swinging Strike
0-2: Ball
1-2: Foul Ball, location: 2F
1-2: Ball
2-2: Strikes out swinging
Batting: RHB Naomi Kitamura 0-0: Called Strike
0-1: Ground out 1-3 (Groundball, 15)
Batting: RHB Roberto Zamora 0-0: Called Strike
0-1: Called Strike
0-2: Ball
1-2: Strikes out swinging
Top of the 5th over - 0 run(s), 0 hit(s), 0 error(s), 0 left on base; Mexico City 0 - Albuquerque 1
BOTTOM OF THE 5TH
Albuquerque Isotopes batting - Pitching for Mexico City Cerveceros : RHP Thomas Hughes
Batting: LHB Pedro Vega 0-0: Called Strike
0-1: Ball
1-1: Ball
2-1: Ball
3-1: Ground out 4-3 (Groundball, 4)
Batting: LHB Mark Vestal 0-0: Called Strike
0-1: Bunted foul
0-2: Ball
1-2: Foul Ball, location: 2F
1-2: Foul Ball, location: 2F
1-2: Ball
2-2: Strikes out looking
Batting: RHB Luis Martínez 0-0: Ball
1-0: Foul Ball, location: 2F
1-1: Ball
2-1: Foul Ball, location: 2F
2-2: Strikes out looking
Bottom of the 5th over - 0 run(s), 0 hit(s), 0 error(s), 0 left on base; Mexico City 0 - Albuquerque 1
TOP OF THE 6TH
Mexico City Cerveceros batting - Pitching for Albuquerque Isotopes : RHP Teruo Sato
Batting: RHB Randy Sheppard 0-0: Bunt for hit - play at first, batter safe!
Batting: RHB Sadayoshi Kato 0-0: Ball
1-0: Called Strike
Randy Sheppard is caught stealing 2nd base
1-1: Called Strike
1-2: Ball
2-2: Ball
3-2: SINGLE (Groundball, 4)
Batting: LHB Tony Abete 0-0: Foul Ball, location: 2F
0-1: Ball
1-1: Called Strike
1-2: Ball
2-2: Fielders Choice at 2nd, 4-6 (Groundball, 34)
Batting: LHB Chad Weaver 0-0: Ball
1-0: Ball
2-0: Called Strike
2-1: Swinging Strike
2-2: Ball
3-2: Strikes out swinging
Top of the 6th over - 0 run(s), 2 hit(s), 0 error(s), 1 left on base; Mexico City 0 - Albuquerque 1
BOTTOM OF THE 6TH
Albuquerque Isotopes batting - Pitching for Mexico City Cerveceros : RHP Thomas Hughes
Batting: RHB José Bautista 0-0: Ball
1-0: Ground out 4-3 (Groundball, 4M)
Batting: LHB Manny Mejía 0-0: Ball
1-0: Ball
2-0: Ball
3-0: Called Strike
3-1: Base on Balls
Batting: LHB Juan Carlos Sánchez 0-0: Ball
1-0: Ball
2-0: Called Strike
Manny Mejía steals 2nd base
2-1: SINGLE (Line Drive, 9S)
Manny Mejía to third
Runner from 3rd tries for Home, SAFE, throw made home
Batting: RHB Edward Young 0-0: Ball
1-0: Fly out, F5 (Line Drive, 5)
Batting: LHB David Griffin 0-0: Called Strike
0-1: Ball
1-1: Ball
2-1: Ball
3-1: Swinging Strike
3-2: Base on Balls
Juan Carlos Sánchez to second
Batting: LHB Eric Wheeler 0-0: Ball
1-0: Foul Ball, location: 2F
1-1: Ball
2-1: Ball
3-1: Base on Balls
Juan Carlos Sánchez to third
David Griffin to second
Batting: LHB Pedro Vega 0-0: Called Strike
0-1: Called Strike
0-2: Strikes out swinging
Bottom of the 6th over - 1 run(s), 1 hit(s), 0 error(s), 3 left on base; Mexico City 0 - Albuquerque 2
TOP OF THE 7TH
Mexico City Cerveceros batting - Pitching for Albuquerque Isotopes : RHP Teruo Sato
Batting: RHB Dave Morgan 0-0: Foul Ball, location: 2F
0-1: Ball
1-1: Ball
2-1: Ball
3-1: Called Strike
3-2: SINGLE (Line Drive, 6MD)
Pitching: RHP Manny Muñóz
Batting: RHB Reynold Akker 0-0: Ball
1-0: Ball
2-0: Grounds into double play, 4-6-3 (Groundball, 4)
Batting: LHB Javier Escobedo 0-0: Ball
1-0: Ball
2-0: SOLO HOME RUN (Line Drive, 89XD), Distance : 399 ft
Batting: RHB Naomi Kitamura 0-0: Called Strike
0-1: Foul Ball, location: 2F
0-2: Foul Ball, location: 2F
0-2: Foul Ball, location: 2F
0-2: Strikes out swinging
Top of the 7th over - 1 run(s), 2 hit(s), 0 error(s), 0 left on base; Mexico City 1 - Albuquerque 2
BOTTOM OF THE 7TH
Albuquerque Isotopes batting - Pitching for Mexico City Cerveceros : RHP Thomas Hughes
Batting: LHB Mark Vestal 0-0: Ball
1-0: Called Strike
1-1: Called Strike
1-2: Strikes out swinging
Batting: RHB Luis Martínez 0-0: Ball
1-0: Swinging Strike
1-1: Ball
2-1: Called Strike
2-2: Foul Ball, location: 2F
2-2: Ball
3-2: Ground out 6-3 (Groundball, 6)
Batting: RHB José Bautista 0-0: Called Strike
0-1: Swinging Strike
0-2: Strikes out swinging
Bottom of the 7th over - 0 run(s), 0 hit(s), 0 error(s), 0 left on base; Mexico City 1 - Albuquerque 2
TOP OF THE 8TH
Mexico City Cerveceros batting - Pitching for Albuquerque Isotopes : RHP Manny Muñóz
Pitching: RHP Arthur Smith
Batting: RHB Roberto Zamora 0-0: Called Strike
0-1: Called Strike
0-2: Ball
1-2: Ball
2-2: Foul Ball, location: 2F
2-2: SINGLE (Groundball, 5D)
Batting: RHB Randy Sheppard 0-0: Sac Bunt - play at first, batter OUT! 5-4
Roberto Zamora to second
Pinch Hitting: LHB Luka Lagerweij 0-0: Ball
1-0: Ball
2-0: Swinging Strike
2-1: Foul Ball, location: 2F
2-2: Ball
3-2: Ground out U3 (Groundball, 3S)
Roberto Zamora to third
Pitching: LHP John Lane
Batting: LHB Tony Abete 0-0: Foul Ball, location: 2F
0-1: Swinging Strike
0-2: Foul Ball, location: 2F
0-2: Strikes out swinging
Top of the 8th over - 0 run(s), 1 hit(s), 0 error(s), 1 left on base; Mexico City 1 - Albuquerque 2
BOTTOM OF THE 8TH
Albuquerque Isotopes batting - Pitching for Mexico City Cerveceros : RHP Thomas Hughes
Pitching: RHP Howard Joyce
Now at 3B: Jesús Ramírez
Batting: LHB Manny Mejía 0-0: Called Strike
0-1: Ball
1-1: Ball
2-1: Swinging Strike
2-2: Fly out, F4 (Popup, 4D)
Batting: LHB Juan Carlos Sánchez 0-0: Ball
1-0: Foul Ball, location: 2F
1-1: Ball
2-1: Ball
3-1: Foul Ball, location: 2F
3-2: Base on Balls
Batting: RHB Edward Young 0-0: Ball
1-0: Ball
2-0: Called Strike
2-1: Fielders Choice at 2nd, 6-4 (Groundball, 6)
Pinch Hitting: LHB A.J. Major 0-0: Ball
1-0: Called Strike
Edward Young steals 2nd base
1-1: Foul Ball, location: 2F
1-2: Ball
2-2: DOUBLE (Flyball, 78XD)
Edward Young scores
Batting: LHB Eric Wheeler 0-0: Ball
1-0: Called Strike
1-1: Called Strike
1-2: DOUBLE (Line Drive, 9LM)
A.J. Major scores
Batting: LHB Pedro Vega 0-0: Ball
1-0: Ball
2-0: Called Strike
2-1: Fly out, F3 (Line Drive, 34)
Bottom of the 8th over - 2 run(s), 2 hit(s), 0 error(s), 1 left on base; Mexico City 1 - Albuquerque 4
TOP OF THE 9TH
Mexico City Cerveceros batting - Pitching for Albuquerque Isotopes : LHP John Lane
Pitching: LHP Dave Rice
Now at 3B: José Sosa
Batting: LHB Chad Weaver 0-0: Ball
1-0: Called Strike
1-1: Ball
2-1: Fly out, F5 (Line Drive, 56)
Batting: RHB Dave Morgan 0-0: Ball
1-0: Ball
2-0: Ball
3-0: Called Strike
3-1: Base on Balls
Batting: RHB Reynold Akker 0-0: Ball
1-0: Swinging Strike
1-1: Ball
2-1: Ball
3-1: Base on Balls
Dave Morgan to second
Pinch Hitting: RHB Pablo Trujillo 0-0: Ball
1-0: Ball
2-0: Swinging Strike
2-1: Ball
3-1: Fly out, F7 (Flyball, 78D)
Batting: RHB Naomi Kitamura 0-0: Foul Ball, location: 2F
0-1: Foul Ball, location: 2F
0-2: Foul Ball, location: 2F
0-2: Strikes out looking
Top of the 9th over - 0 run(s), 0 hit(s), 0 error(s), 2 left on base; Mexico City 1 - Albuquerque 4
This league is powered by Out of the Park Baseball, the baseball management simulation game for PC, Mac and Linux
Wednesday, December 2nd, 2015 - OOTP Baseball 16.8 Build 38